 Dungeon Crawl Stone Soup version 0.20.1-1-g8b1a95d (webtiles) character file.

62 Monsterracer the Insei (level 4, -5/28 HPs)
             Began as an Octopode Transmuter on Aug 18, 2017.
             Killed by divine providence
             ... invoked by an orc priest
              (11 damage)
             ... on level 2 of the Dungeon.
             The game lasted 00:05:22 (2147 turns).

Monsterracer the Insei (Octopode Transmuter)        Turns: 2147, Time: 00:05:23

Health: -5/28      AC:  1    Str:  9    XL:     4   Next: 8%
Magic:  6/7        EV: 13    Int: 15    God:
Gold:   107        SH:  0    Dex: 13    Spells: 1/7 levels left

rFire    . . .     SeeInvis +     - Unarmed
rCold    . . .     Gourm    .   (no shield)
rNeg     . . .     Faith    .   (helmet restricted)
rPois    .         Spirit   .   (no amulet)
rElec    .         Reflect  .   f - ring of see invisible
rCorr    .         Harm     .   (no ring)
MR       .....                  (no ring)
Stlth    ++........             (no ring)
Regen    0.1/turn               (no ring)
MPRegen  0.1/turn               (no ring)
                                (no ring)
                                (no ring)

@: very slightly contaminated
A: almost no armour, stealthy swim, amphibious, 8 rings, constrict 8, camouflage
1, gelatinous body 1
a: no special abilities


You were on level 2 of the Dungeon.
You were not hungry.

You visited 1 branch of the dungeon, and saw 2 of its levels.

You collected 107 gold pieces.

Inventory:

Missiles
 a - 12 arrows
Jewellery
 f - a ring of see invisible (left tentacle)
Scrolls
 d - a scroll of teleportation {unknown}
 g - 4 scrolls of noise {unknown}
 h - a scroll of enchant armour {unknown}
 k - a scroll of fog {unknown}
 l - a scroll of identify
 m - a scroll of recharging {unknown}
Potions
 e - a potion of haste
 j - 2 potions of lignification
Books
 b - a book of Changes

   Spells                             Type                      Level
   a - Beastly Appendage              Transmutation                1
   b - Sticks to Snakes               Transmutation                2
   c - Spider Form                    Transmutation/Poison         3
   d - Ice Form                       Ice/Transmutation            4
   e - Blade Hands                    Transmutation                5
Comestibles
 c - 2 bread rations
 i - a royal jelly


   Skills:
 - Level 1.0 Fighting
 - Level 2.0 Dodging
 + Level 3.9 Unarmed Combat
 - Level 2.0 Spellcasting
 + Level 3.1 Transmutations
 + Level 1.2 Poison Magic


You had one spell level left.
You knew the following spells:

 Your Spells              Type           Power        Failure   Level  Hunger
a - Beastly Appendage     Tmut           ##....       6%          1    #......
b - Sticks to Snakes      Tmut           ##......     10%         2    ###....
c - Spider Form           Tmut/Pois      #.........   28%         3    ###....


Dungeon Overview and Level Annotations

Branches:
Dungeon (2/15)

Altars:


Innate Abilities, Weirdness & Mutations

You cannot wear most types of armour.
You are very stealthy in the water. (Stealth+)
You are amphibious.
You can wear up to eight rings at the same time.
You can use your tentacles to constrict eight enemies at once.
Your skin changes colour to match your surroundings (Stealth+).
Your rubbery body absorbs attacks. (AC +1, EV +1)


Message History

Confirm with . or Enter, or press ? or * to list all spells.
You miscast Spider Form.
You are very lightly contaminated with residual magic.
Strange energies run through your body.
The orc priest mumbles some strange prayers to Beogh against you.
Beogh smites you!
Ouch! That really hurt!
* * * LOW HITPOINT WARNING * * *
The orc wizard mumbles some strange words.
The orc wizard flickers and vanishes for a moment.
You hear a shout! x2
Huge Dmg: -53%(-15hp) hp: 47%(13hp)
The orc priest invokes the aid of Beogh against you.
Beogh smites you!
* * * LOW HITPOINT WARNING * * *
Huge Dmg: -29%(-8hp) hp: 18%(5hp)
The orc hits you but does no damage.
The orc priest invokes the aid of Beogh against you.
Beogh smites you!
You die...

##.........####...#######.#.#...#
###.......## ##.## #.#...... #
##.....## #o# #.###..#. # ##...##
#.# #.# #..#. # ##'## #.#
#.###..#. # #.# #o# #......). #
#.# #.# #######.. ######.## #o#
#... ........## #@# #...
####.....# #.# #..#
#....########.# ##..
####.#.##........# #..
..........#.###### ###
####.#.##...# #.#.###### ####.#.#
>....#.# ####


You could see an orc priest, an orc wizard (invisible) and an orc.

Vanquished Creatures
  2 adders (D:2)
  A dart slug (D:1)
  2 leopard geckos (D:1)
  5 goblins
  4 hobgoblins
  2 jackals (D:1)
  A quokka (D:2)
  7 bats
  3 frilled lizards
  6 kobolds
  6 rats
39 creatures vanquished.

Notes
Turn   | Place    | Note
-------+----------+-------------------------------------------
     0 | D:1      | Monsterracer the Octopode Transmuter began the quest for the Orb.
     0 | D:1      | Reached XP level 1. HP: 13/13 MP: 3/3
    84 | D:1      | HP: 4/13 [jackal (3)]
   315 | D:1      | Reached XP level 2. HP: 18/18 MP: 5/5
   325 | D:1      | Learned a level 2 spell: Sticks to Snakes
   687 | D:1      | HP: 7/18 [dart slug/slug dart (5)]
   766 | D:1      | HP: 9/18 [bat (1)]
   769 | D:1      | Reached XP level 3. HP: 11/23 MP: 4/6
   777 | D:1      | Learned a level 3 spell: Spider Form
  1435 | D:2      | HP: 8/23 [adder (4)]
  1436 | D:2      | Reached skill level 1 in Poison Magic
  1792 | D:2      | Reached XP level 4. HP: 27/28 MP: 7/7
  2128 | D:2      | HP: 13/28 [orc priest/divine providence (15)]
  2129 | D:2      | HP: 5/28 [orc priest/divine providence (9)]
  2147 | D:2      | Killed from afar by an orc priest

Skill      XL: |  1  2  3 |
---------------+----------+-----
Transmutations | 3 |  3.1
Poison Magic   | 1 |  1.2
Fighting       | |  1.0
Dodging        | |  2.0
Unarmed Combat | |  3.9
Spellcasting   | |  2.0

Action                   |  1- 3 |  4- 6 || total
-------------------------+-------+-------++-------
Melee: Unarmed           |    85 |     6 ||    91
       Constrict         |    26 |     3 ||    29
       Tentacles         |    17 |     1 ||    18
       Punch             |     2 |       ||     2
       Kick              |     3 |       ||     3
 Cast: Beastly Appendage |     7 |       ||     7
       Spider Form       |     1 |       ||     1
  Use: Scroll            |     5 |       ||     5
       Potion            |     1 |       ||     1
 Stab: Sleeping          |    10 |     2 ||    12
  Eat: Chunk             |     3 |     1 ||     4
Armor: Skin              |    13 |     1 ||    14
Dodge: Dodged            |    55 |     1 ||    56
